 Dungeon Crawl Stone Soup version 0.32-a0-85-g672eff3212 (webtiles) character file.

Game seed: 17667580257581939788

2736 Dirtsage the Martial Artist (level 9, 0/62 HPs)
             Began as an Octopode Shapeshifter on Feb 5, 2024.
             Was an Initiate of the Shining One.
             Frozen to death by an endoplasm (7 damage)
             ... on level 6 of the Dungeon.
             The game lasted 00:11:29 (6017 turns).

Dirtsage the Martial Artist (Octopode Shapeshifter) Turns: 6017, Time: 00:11:29

Health: 0/62       AC:  1    Str: 19    XL:     9   Next: 67%
Magic:  9/9        EV: 19    Int: 13    God:    the Shining One [......]
Gold:   107        SH:  0    Dex: 15    Spells: 8/8 levels left

rFire   x x          .
                       - Unarmed
rCold   x x .        (shield currently unavailable)
rNeg    . . .        (helmet restricted)
rPois   +            o - amulet of Elemental Vulnerability {rPois rF-- rC-- AC+8}
rElec   .            S - ring of see invisible
rCorr   .            f - +6 ring of strength
SInv    +            (no ring)
Will    .....        (no ring)
Stlth   +            (no ring)
HPRegen 0.30/turn    (no ring)
MPRegen 0.11/turn    (no ring)
                     (no ring)

%: no passive effects
@: flux-form, corroded, glowing, studying Unarmed Combat
A: glow, contaminating, almost no armour, amphibious, 8 rings, camouflage 1,
gelatinous body 1, (nimble swimmer 1), tentacles
a: Begin Untransformation, Renounce Religion


You were on level 6 of the Dungeon.
You worshipped the Shining One.
The Shining One was noncommittal.
You were something dangerously unstable.
You visited 2 branches of the dungeon, and saw 7 of its levels.

You collected 341 gold pieces.
You spent 234 gold pieces at shops.

Inventory:

Missiles
 A - 8 curare-tipped darts (quivered)
Magical Staves
 C - a staff of fire
 F - a staff of cold
Jewellery
 f - a +6 ring of strength (right tentacle)
 o - the amulet of Elemental Vulnerability (around mantle) {rPois rF-- rC-- AC+8}
   (You found it on level 3 of the Dungeon)

   [amulet of nothing]

   AC+8:      It affects your AC (+8).
   rF--:      It makes you very vulnerable to fire.
   rC--:      It makes you very vulnerable to cold.
   rPois:     It protects you from poison
 r - an amulet of magic regeneration
 S - a ring of see invisible (left tentacle)
Talismans
 b - a beast talisman
 c - a flux talisman (active)
 u - a beast talisman
Wands
 s - a wand of iceblast (12)
 D - a wand of charming (1)
Scrolls
 e - a scroll of immolation {unknown}
 g - a scroll of enchant armour
 i - a scroll of fear {unknown}
 j - a scroll of revelation
 k - 2 scrolls of amnesia {unknown}
 m - a scroll of silence {unknown}
 t - 4 scrolls of teleportation
 x - a scroll of enchant weapon {unknown}
 y - a scroll of noise {unknown}
Potions
 a - 2 potions of lignification
 d - 2 potions of might
 h - 5 potions of haste
 l - 2 potions of heal wounds
 n - 3 potions of enlightenment {unknown}
 p - a potion of cancellation {unknown}
 q - 4 potions of curing
 v - a potion of mutation {unknown}
 w - a potion of resistance {unknown}
 z - a potion of berserk rage {unknown}
 B - 2 potions of invisibility {unknown}
 E - 2 potions of attraction {unknown}


   Skills:
 + Level 5.8 Fighting
 + Level 6.0 Dodging
 + Level 8.2 Unarmed Combat
 * Level 8.1 Shapeshifting


You had 8 spell levels left.
You didn't know any spells.
Your spell library contained the following spells:

 Spells                   Type           Power      Damage    Failure   Level
 Freeze                   Ice            0%         1d3       30%         1
 Ensorcelled Hibernation  Hex/Ice        0%         N/A       43%         2
 Frozen Ramparts          Ice            0%         1d1       67%         3
 Fugue of the Fallen      Necr           0%         N/A       67%         3
 Hailstorm                Conj/Ice       0%         3d5       67%         3
 Anguish                  Hex/Necr       0%         N/A       97%         4


Dungeon Overview and Level Annotations

Branches:
Dungeon (6/15)             Temple (1/1) D:5

Altars:
Ashenzari
Cheibriados
Dithmenos
Elyvilon
Fedhas
Hepliaklqana
Kikubaaqudgha
Makhleb
Nemelex Xobeh
Qazlal
Ru
Sif Muna
Trog
Uskayaw
Vehumet
Wu Jian
Xom
Yredelemnul
Zin
The Shining One

Shops:
D:6 !


Innate Abilities, Weirdness & Mutations

You are something dangerously unstable.
You glow with magical radiation, making you easy to see and hit.
Foes you strike become dangerously contaminated with magical radiation.
You are incapable of wielding weapons or throwing items.
You cannot wear most types of armour.
You are amphibious.
You can wear up to eight rings at the same time.
Your skin changes colour to match your surroundings (Stealth+).
Your rubbery body absorbs attacks. (AC +1, EV +1)
((You are camouflaged when in or above water. (Stealth+)))
You have tentacles for arms and can constrict up to eight enemies at once.


Message History

The endoplasm misses you.
You tentacle-slap the endoplasm but do no damage.
The endoplasm glows dangerously bright.
The endoplasm is moderately wounded.
The endoplasm misses you.
You tentacle-slap the endoplasm but do no damage.
The endoplasm shudders as magic cascades through it!
You kill the endoplasm!
You swing at nothing.
You tentacle-slap the endoplasm but do no damage.
The endoplasm begins to glow.
The endoplasm freezes you.
You are frozen!
You feel a terrible chill!
* * * LOW HITPOINT WARNING * * *
You take 7 damage, and have 12/62 hp.
You tentacle-slap the endoplasm but do no damage.
The endoplasm glows dangerously bright.
The endoplasm freezes you.
You are frozen.
* * * LOW HITPOINT WARNING * * *
You tentacle-slap the endoplasm but do no damage.
The endoplasm shudders as magic cascades through it!!
You kill the endoplasm!
You tentacle-slap the endoplasm but do no damage.
The endoplasm begins to glow.
The endoplasm barely misses you.
You tentacle-slap the endoplasm but do no damage.
The endoplasm glows dangerously bright.
The endoplasm freezes you.
You are frozen.
You feel a terrible chill!
* * * LOW HITPOINT WARNING * * *
You take 6 damage, and have 6/62 hp.
You tentacle-slap the endoplasm.
The endoplasm shudders as magic cascades through it!!
You kill the endoplasm!
You tentacle-slap the endoplasm.
The endoplasm begins to glow.
You squeeze the endoplasm, but do no damage.
The endoplasm is moderately wounded.
The endoplasm freezes you.
You are frozen!
You feel a terrible chill!
You die...

#..(.######.####
####.# #....##
#.# #...... #)#
#....## ##.#
#.#.## ###..#
#.#.# ##...##
#.#.## #..###
#....# #p##
###..# ###J#
#..# ##...# #..#
#..### #..# #.##
#..# #.# #..#
#...# #..##
#J..# #....


..JJJ #.### You could see an endoplasm (contam).

Vanquished Creatures
  Pikel (D:6)
  A slime creature (D:6)
  A steam dragon (D:6)
  2 water moccasins (D:6)
  Duvessa (D:5)
  2 centaurs (D:4)
  4 ogres
  A lemure (D:6)
  A weeping skull (D:5)
  A gnoll sergeant (D:5)
  A scorpion (D:6)
  4 wights (D:5)
  Dowan (D:5)
  A howler monkey (D:5)
  A bombardier beetle (D:6)
  5 jellies (D:6)
  4 hounds
  An iguana (D:6)
  2 sleepcaps
  Robin (D:3)
  15 adders
  3 gnolls (D:5)
  2 ufetubi (D:5)
  2 ribbon worms
  2 dart slugs
  17 orcs
  5 bats
  24 endoplasms
  3 giant cockroaches
  8 hobgoblins
  3 jackals (D:1)
  8 kobolds
  A quokka (D:2)
  14 ball pythons
  4 frilled lizards
  9 goblins
  6 rats
  A spectral orc (D:5)
163 creatures vanquished.

Notes
Turn   | Place    | Note
-------+----------+-------------------------------------------
     0 | D:1      | Dirtsage the Octopode Shapeshifter began the quest for the
                  | Orb.
     0 | D:1      | Reached XP level 1. HP: 13/13 MP: 1/1
   140 | D:1      | Reached XP level 2. HP: 18/18 MP: 2/2
   528 | D:1      | Reached XP level 3. HP: 21/23 MP: 3/3
   763 | D:2      | Found a broken altar of Ashenzari.
   895 | D:2      | Reached XP level 4. HP: 29/29 MP: 4/4
  1708 | D:3      | Reached XP level 5. HP: 32/34 MP: 5/5
  1726 | D:3      | Found the amulet of Elemental Vulnerability {rPois rF--
                  | rC-- AC+8}
  2004 | D:3      | Noticed Robin
  2014 | D:3      | Killed Robin
  2568 | D:4      | Noticed an ogre
  2576 | D:4      | Killed an ogre
  2577 | D:4      | Reached XP level 6. HP: 22/41 MP: 6/6
  3266 | D:4      | Found a hazy altar of Hepliaklqana.
  3468 | D:4      | Reached skill level 5 in Shapeshifting
  3623 | D:4      | Reached XP level 7. HP: 46/46 MP: 7/7
  3687 | D:5      | Entered Level 5 of the Dungeon
  3741 | D:5      | Found a staircase to the Ecumenical Temple.
  3914 | D:5      | Reached skill level 5 in Unarmed Combat
  4060 | D:5      | Found a radiant altar of Vehumet.
  4060 | D:5      | Found a snail-covered altar of Cheibriados.
  4111 | D:5      | Noticed Duvessa
  4111 | D:5      | Noticed Dowan
  4128 | D:5      | Killed Duvessa
  4129 | D:5      | Reached XP level 8. HP: 40/54 MP: 8/8
  4137 | D:5      | Killed Dowan
  4648 | D:5      | Found a basalt altar of Yredelemnul.
  4717 | Temple   | Entered the Ecumenical Temple
  4736 | Temple   | Became a worshipper of the Shining One
  5172 | D:6      | Reached skill level 5 in Dodging
  5324 | D:6      | Found a burning altar of Makhleb.
  5382 | D:6      | Found Xistriag's Distillery.
  5390 | D:6      | Bought a potion of curing for 39 gold pieces
  5390 | D:6      | Bought a potion of heal wounds for 65 gold pieces
  5390 | D:6      | Bought a potion of haste for 130 gold pieces
  5503 | D:6      | Noticed Pikel
  5512 | D:6      | Killed Pikel
  5513 | D:6      | Reached skill level 5 in Fighting
  5513 | D:6      | Reached XP level 9. HP: 30/61 MP: 9/9
  5986 | D:6      | HP: 3/62 [jelly (2)]
  5986 | D:6      | The Shining One protects you from harm!
  6017 | D:6      | Frozen to death by an endoplasm

Illustrated notes

Levels and vault maps discovered:
D:1:      dpeg_arrival_pits, layout_loops_ring, due_unseen_surprise
D:2:      layout_basic, basic_altar
D:3:      layout_basic, grunt_ministairs_4, uniq_robin
D:4:      layout_basic, nicolae_hepliaklqana_hippocampus, st_stairs_13,
          minmay_misc_feat_diagonals, corexii_item_surrounded_by_moat,
          grunt_ministairs_6, minmay_manual_mares
D:5:      layout_loops_cross, yredelemnul_forgotten_temple_becter,
          gammafunk_temple_overflow_wave, minmay_temple_entry_crystal_x,
          uniq_duvessa
D:6:      lemuel_slime, layout_loops_ring, kennysheep_mini_moat, serial_shops,
          nicolae_shop_tiny_statue_garden, uniq_pikel
Temple:   regret_index_temple_generic_petals

Skill      XL: |  1  2  3  4  5  6  7  8  9 |
---------------+----------------------------+-----
Fighting       | 2 3 5 |  5.8
Shapeshifting  | 4 5 7 8 |  8.1
Dodging        | 3 4 5 6 |  6.0
Unarmed Combat | 4 5 7 8 |  8.2

Action                     |  1- 3 |  4- 6 |  7- 9 || total
---------------------------+-------+-------+-------++-------
  Melee: Unarmed           |    65 |   116 |   195 ||   376
         Tentacles         |    16 |    27 |    44 ||    87
         Constrict         |    15 |    27 |    34 ||    76
         Punch             |     2 |     2 |     3 ||     7
    Use: Scroll            |       |     1 |     2 ||     3
         Potion            |       |     1 |     1 ||     2
   Stab: Sleeping          |     6 |     6 |     2 ||    14
 Armour: Skin              |    16 |    68 |    74 ||   158
  Dodge: Dodged            |    34 |    78 |    96 ||   208
   Form: Flux              |       |       |     1 ||     1

Table legend: (Time is in decaauts)
 A = Elapsed time spent in this place.
 B = Non-inter-level travel time spent in this place.
 C = Inter-level travel time spent in this place.
 D = Time resting spent in this place.
 E = Time spent auto-exploring this place.
 F = Levels seen in this place.
 G = Mean time per level.
                   A        B        C        D        E       F      G
               +--------+--------+--------+--------+--------+-----+--------+
         Total |   5980 |   5825 |    155 |    211 |   4664 |   7 |  854.3 |
       Dungeon |   5943 |   5804 |    139 |    211 |   4664 |   6 |  990.5 |
        Temple |     36 |     20 |     16 |      0 |      0 |   1 |   36.0 |
               +--------+--------+--------+--------+--------+-----+--------+

Top non-repeatable levels by time:
     D:4: 1231 daAuts
     D:5: 1093 daAuts
     D:6: 1067 daAuts
     D:2: 908 daAuts
     D:3: 904 daAuts
     D:1: 738 daAuts
  Temple: 36 daAuts
